 Dungeon Crawl Stone Soup version 0.26-a0-682-g294304f6e8 (webtiles) character file.

Game seed: 4244301355789855515

2437 DogServant the Grappler (level 9, 71/71 HPs)
             Began as a Purple Draconian Transmuter on Oct 21, 2020.
             Was a Follower of Zin.
             Quit the game on level 7 of the Dungeon.
             The game lasted 00:16:54 (9146 turns).

DogServant the Grappler (DrTm)                      Turns: 9146, Time: 00:16:54

Health: 71/71      AC:  9    Str: 15    XL:     9   Next: 25%
Magic:  12/12      EV: 15    Int: 19    God:    Zin [*.....]
Gold:   287        SH:  0    Dex: 13    Spells: 6/12 levels left

rFire    . . .     SeeInvis .     - Unarmed
rCold    . . .     Faith    .   (no shield)
rNeg     . . .     Spirit   .   (armour unavailable)
rPois    .         Reflect  .   (helmet restricted)
rElec    .         Harm     .   (no cloak)
rCorr    +         Rampage  .   d - +1 pair of gloves
MR       +....                  (no boots)
Stlth    +.........             (no amulet)
HPRegen  0.21/turn              k - ring of resist corrosion
MPRegen  0.13/turn              m - +6 ring of intelligence

@: no status effects
A: breathe power, unfitting armour, cold-blooded, AC +7
a: Breathe Dispelling Energy, Recite, Donate Gold, Renounce Religion


You were on level 7 of the Dungeon.
You worshipped Zin.
Zin was aware of your devotion.
You visited 2 branches of the dungeon, and saw 8 of its levels.

You collected 318 gold pieces.
You donated 31 gold pieces to Zin.

Inventory:

Armour
 d - a +1 pair of gloves (worn)
Jewellery
 k - a ring of resist corrosion (left hand)
 m - a +6 ring of intelligence (right hand)
Wands
 e - a wand of enslavement (11)
 j - a wand of iceblast (9)
Scrolls
 a - 4 scrolls of enchant weapon
 f - 3 scrolls of enchant armour
 h - a scroll of blinking
 i - 3 scrolls of remove curse
 l - a scroll of immolation
 s - 3 scrolls of teleportation
Potions
 b - 3 potions of cancellation
 c - a potion of heal wounds {unknown}
 g - a potion of haste {unknown}
 n - 2 potions of might {unknown}
 o - a potion of lignification {unknown}
 p - a potion of flight {unknown}
 r - a potion of invisibility {unknown}


   Skills:
 - Level 4.0 Fighting
 + Level 6.2 Dodging
 + Level 9.3 Unarmed Combat
 - Level 2.4 Spellcasting
 - Level 5.0 Transmutations


You had 6 spell levels left.
You knew the following spells:

 Your Spells              Type           Power        Failure   Level
a - Beastly Appendage     Tmut           ###...       1%          1
b - Wereblood             Tmut           ###.....     3%          2
c - Spider Form           Tmut/Pois      ##........   17%         3

Your spell library contained the following spells:

 Spells                   Type           Power        Failure   Level
 Ice Form                 Ice/Tmut       ##......     50%         4
 Blade Hands              Tmut           ###.......   50%         5


Dungeon Overview and Level Annotations

Branches:
Dungeon (7/15)             Temple (1/1) D:6

Altars:
Ashenzari
Cheibriados
Dithmenos
Gozag
Makhleb
Nemelex Xobeh
Okawaru
Qazlal
Ru
Sif Muna
Trog
Vehumet
Xom
Zin

Annotations:
D:4 2 transporters, hypergardens's ghost, amateur GnAM
D:6 3 runed translucent doors, kaisn's ghost, novice FoFi


Innate Abilities, Weirdness & Mutations

You can breathe bolts of dispelling energy.
Your rich purple scales are hard. (AC +7)
You cannot fit into any form of body armour.
You are cold-blooded and may be slowed by cold attacks.


Message History

You see here 10 poisoned darts.
A jackal comes into view.
The jackal barks!
You hear a bark!
A jackal comes into view.
There are monsters nearby!
There are monsters nearby!
There are monsters nearby!
Casting: Spider Form (dangerous; 17% risk of failure)
Confirm with . or Enter, or press ? or * to list all spells.
Casting this spell will place you under penance.
Really cast? [Y]es or [N]o only, please.
Casting this spell will place you under penance.
Really cast?
Okay, then.
Casting: Spider Form (dangerous; 17% risk of failure)
Confirm with . or Enter, or press ? or * to list all spells.
Casting this spell will place you under penance.
Really cast?
Okay, then.
Quiver which item? (- for none, * to show all) (? for menu, Esc to quit)
Okay, then.
Are you sure you want to abandon this character and quit the game? (Confirm with "yes".)

# #######
######.....############
.....'.....'..........#
######.....########.###
............# #.#.#
.....######.#####.#.#####
####.#..........#[#....<#
# #.#....))........#####
# #.#....<.....@...# #
#.######.###.#.#(# # #.#
...# #.#.#.######### #.#
##### #.#.#.........# #.#
#.#.#########.# #.#.#
#####.## #h#.# #......#
#h#.# #.###### #.# #.#


You could see 2 jackals.

Vanquished Creatures
  Maggie (D:6)
  Prince Ribbit (D:5)
  Eustachio (D:5)
  An ice beast (D:6)
  3 ogres
  A centaur (D:5)
  2 bullfrogs
  2 howler monkeys
  5 wights (D:5)
  3 hounds
  A centaur zombie (D:6)
  A jelly (D:5)
  4 orc priests
  7 orc wizards
  An iguana (D:5)
  Ijyb (D:3)
  4 worker ants
  6 gnolls
  2 howler monkey skeletons
  12 adders
  2 white imps
  2 ufetubi (D:5)
  2 oozes
  An adder skeleton (D:4)
  4 worms
  2 dart slugs
  4 leopard geckos
  25 orcs
  A ball python (D:1)
  6 giant cockroaches
  9 goblins
  10 hobgoblins
  3 jackals
  7 kobolds
  4 quokkas
  10 bats
  4 frilled lizards
  An orc zombie (D:7)
  8 rats
164 creatures vanquished.

Vanquished Creatures (others)
  2 plants (D:6)
2 creatures vanquished.

Grand Total: 166 creatures vanquished

Notes
Turn   | Place    | Note
-------+----------+-------------------------------------------
     0 | D:1      | DogServant the Draconian Transmuter began the quest for the
                  | Orb.
     0 | D:1      | Reached XP level 1. HP: 16/16 MP: 3/3
   148 | D:1      | Reached XP level 2. HP: 16/24 MP: 3/5
   679 | D:1      | Reached XP level 3. HP: 28/30 MP: 6/6
  1559 | D:2      | Reached skill level 4 in Unarmed Combat
  1562 | D:2      | Reached XP level 4. HP: 25/38 MP: 5/7
  2099 | D:3      | Noticed Ijyb
  2123 | D:3      | Killed Ijyb
  2516 | D:3      | Reached XP level 5. HP: 42/46 MP: 8/8
  2722 | D:3      | Found a stormy altar of Qazlal.
  3437 | D:4      | Reached skill level 5 in Unarmed Combat
  3553 | D:4      | HP: 2/46 [howler monkey (3)]
  3562 | D:4      | Reached XP level 6. HP: 9/52 MP: 6/9
  4272 | D:4      | Learned a level 2 spell: Wereblood
  4518 | D:4      | Found a snail-covered altar of Cheibriados.
  4717 | D:4      | Found a transporter.
  4718 | D:4      | Noticed hypergardens's ghost (amateur GnAM)
  4726 | D:4      | Found a transporter.
  4854 | D:5      | Entered Level 5 of the Dungeon
  5035 | D:5      | Noticed Prince Ribbit
  5046 | D:5      | Killed Prince Ribbit
  5046 | D:5      | Reached skill level 6 in Unarmed Combat
  5046 | D:5      | Your scales start taking on a rich purple colour.
  5046 | D:5      | Reached XP level 7. HP: 29/59 MP: 10/10
  5074 | D:5      | Reached skill level 5 in Transmutations
  5509 | D:4      | Learned a level 3 spell: Spider Form
  5599 | D:5      | Noticed Eustachio
  5640 | D:5      | Killed Eustachio
  5640 | D:5      | Reached skill level 7 in Unarmed Combat
  5646 | D:5      | Reached XP level 8. HP: 32/66 MP: 2/11
  5862 | D:5      | Got a masterwork falchion
  5863 | D:5      | Identified the +4 falchion of Moral Flaws {pain, rN+} (You
                  | found it on level 5 of the Dungeon)
  6003 | D:5      | Found a sparkling altar of Nemelex Xobeh.
  6593 | D:6      | Found a runed translucent gate.
  6609 | D:6      | Reached skill level 8 in Unarmed Combat
  7276 | D:6      | Reached skill level 5 in Dodging
  7302 | D:6      | HP: 3/66 [orc priest/+0 mace (5)]
  7702 | D:6      | Reached XP level 9. HP: 63/71 MP: 10/12
  7834 | D:6      | Noticed Maggie
  7851 | D:6      | Killed Maggie
  7851 | D:6      | Reached skill level 9 in Unarmed Combat
  8126 | D:6      | Found a staircase to the Ecumenical Temple.
  8194 | Temple   | Entered the Ecumenical Temple
  8464 | D:6      | Found a runed translucent gate.
  8464 | D:6      | Found a runed translucent gate.
  8464 | D:6      | Noticed kaisn's ghost (novice FoFi)
  9044 | Temple   | Became a worshipper of Zin the Law-Giver
  9044 | Temple   | Reached * piety under Zin
  9146 | D:7      | Quit the game

Illustrated notes

Levels and vault maps discovered:
D:1:      dpeg_arrival_subterranean_lakeside_camping, layout_basic,
          minmay_statues_item, palyth_stone_intersect
D:2:      layout_loops_cross, kennysheep_generic_room_13
D:3:      layout_loops_ring, overflow_temple_1_default, uniq_ijyb
D:4:      layout_basic, kennysheep_slug_shrine, gammafunk_ghost_smash
D:5:      layout_loops_cross, nemelex_xobeh_ov_fountains_minmay, uniq_eustachio,
          uniq_prince_ribbit1
D:6:      corexii_shantytown, layout_basic, minmay_temple_entry_ruins,
          portal_sewer_entry_d, ebering_ghost_rock_garden, minmay_diced_spiral,
          uniq_maggie
D:7:      layout_basic, kennysheep_mini_moat, grunt_temple_overflow_cloverleaf,
          nicolae_tso_besieged_by_evil
Temple:   minmay_temple_curvy_loop

Skill      XL: |  1  2  3  4  5  6  7  8  9 |
---------------+----------------------------+-----
Fighting       | 2 3 4 |  4.0
Unarmed Combat | 4 5 6 7 8 9 |  9.3
Transmutations | 3 4 5 |  5.0
Dodging        | 3 5 6 |  6.2
Spellcasting   | |  2.4

Action                   |  1- 3 |  4- 6 |  7- 9 || total
-------------------------+-------+-------+-------++-------
Melee: Unarmed           |   109 |   205 |   252 ||   566
       Kick              |    11 |    40 |     6 ||    57
       Headbutt          |     7 |    22 |     3 ||    32
       Tailslap          |     6 |    18 |    15 ||    39
       Punch             |       |     2 |     2 ||     4
 Cast: Beastly Appendage |    18 |    27 |    13 ||    58
       Spider Form       |       |       |    19 ||    19
 Abil: Breathe Dispellin |       |       |     5 ||     5
Evoke: Wand              |       |     1 |     3 ||     4
  Use: Potion            |       |     3 |       ||     3
       Scroll            |       |     4 |    12 ||    16
 Stab: Sleeping          |     1 |       |     2 ||     3
Armor: Skin              |    48 |    54 |    36 ||   138
Dodge: Dodged            |   111 |   142 |   235 ||   488

Table legend: (Time is in decaauts)
 A = Elapsed time spent in this place.
 B = Non-inter-level travel time spent in this place.
 C = Inter-level travel time spent in this place.
 D = Time resting spent in this place.
 E = Time spent auto-exploring this place.
 F = Levels seen in this place.
 G = Mean time per level.
                   A        B        C        D        E       F      G
               +--------+--------+--------+--------+--------+-----+--------+
         Total |   9104 |   8690 |    414 |   2029 |   5355 |   8 | 1138.0 |
       Dungeon |   8788 |   8470 |    318 |   2003 |   5169 |   7 | 1255.4 |
        Temple |    315 |    219 |     96 |     26 |    185 |   1 |  315.0 |
               +--------+--------+--------+--------+--------+-----+--------+

Top non-repeatable levels by time:
     D:6: 1953 daAuts
     D:5: 1396 daAuts
     D:4: 1358 daAuts
     D:2: 1319 daAuts
     D:3: 1281 daAuts
     D:1: 1214 daAuts
  Temple: 315 daAuts
     D:7: 264 daAuts
